General information
- name: BNet
- type: Ladder team game (AT/RT)
- host: Battle.net
- saver: NatureBoy
map: MarketSquare
- players: 8
- length: 46:42
- speed: Fast
- version: 1.27 W3XP
- replay type: Public
» download(210 KB)
Players
team 1 (loser)
IdoFLow (
pink | 50 APM | 635 actions | 12:44)
2 Archmage
1 Blizzard
1 Brilliance Aura
2 Blood Mage
1 Flame Strike
1 Siphon Mana
» actions
| Assign group hotkey | 5 | |
| Basic commands | 14 | |
| Build / train | 38 | |
| Enter build submenu | 23 | |
| Enter hero's abilities submenu | 4 | |
| Give item / drop item | 2 | |
| Remove unit from queue | 4 | |
| Right click | 282 | |
| Select / deselect | 176 | |
| Select group hotkey | 43 | |
| Use ability | 44 | |
635 total
» units
| Peasant | 10 | |
| Priest | 2 | |
| Sorceress | 2 | |
| Siege Engine | 1 | |
15 total
» upgrades
| Masonry | 2 | |
| Lumber Harvesting | 1 | |
| Priest Training | 1 | |
| Sorceress Training | 1 | |
5 total
» buildings
| Lumber Mill | 1 | |
| Altar of Kings | 1 | |
| Farm | 6 | |
| Keep | 1 | |
| Scout Tower | 4 | |
| Guard Tower | 4 | |
| Arcane Vault | 1 | |
| Arcane Sanctum | 2 | |
| Castle | 1 | |
| Blacksmith | 1 | |
| Workshop | 2 | |
24 total
» build order
00:09 Lumber Mill
01:12 Altar of Kings
01:16 Farm
01:52 Farm
02:29 Farm
02:52 Farm
03:11 Keep
03:16 Scout Tower
03:48 Guard Tower
03:52 Scout Tower
04:01 Arcane Vault
04:31 Guard Tower
04:35 Scout Tower
05:48 Guard Tower
05:50 Scout Tower
05:52 Farm
05:57 Arcane Sanctum
05:59 Arcane Sanctum
06:26 Guard Tower
06:35 Castle
06:38 Blacksmith
08:26 Workshop
09:04 Workshop
09:07 Farm
» items
| Boots of Speed | 1 | |
| Healing Salve | 1 | |
2 total
GODZILLA-GOTY (
blue | 50 APM | 2313 actions | 46:40)
5 Blademaster
3 Wind Walk
2 Critical Strike
1 Archmage
1 Brilliance Aura
» actions
| Assign group hotkey | 31 | |
| Basic commands | 1 | |
| Build / train | 79 | |
| Enter build submenu | 29 | |
| Enter hero's abilities submenu | 6 | |
| Give item / drop item | 2 | |
| Remove unit from queue | 2 | |
| Right click | 1124 | |
| Select / deselect | 281 | |
| Select group hotkey | 591 | |
| Use ability | 167 | |
2313 total
» units
» upgrades
| Ranged Weapons | 1 | |
| Envenomed Spears | 1 | |
| Reinforced Defenses | 1 | |
| Masonry | 1 | |
| Liquid Fire | 1 | |
| Ensnare | 1 | |
6 total
» buildings
| Altar of Storms | 1 | |
| Orc Burrow | 4 | |
| Barracks | 1 | |
| Voodoo Lounge | 1 | |
| Stronghold | 1 | |
| War Mill | 1 | |
| Great Hall | 1 | |
| Watch Tower | 29 | |
| Beastiary | 2 | |
| Fortress | 4 | |
| Scout Tower | 18 | |
| Guard Tower | 12 | |
| Arcane Tower | 1 | |
76 total
» build order
00:20 Altar of Storms
00:35 Orc Burrow
00:41 Barracks
01:36 Orc Burrow
01:57 Voodoo Lounge
03:00 Stronghold
03:56 War Mill
04:25 Orc Burrow
05:07 Great Hall
05:58 Watch Tower
06:14 Beastiary
06:42 Beastiary
07:11 Watch Tower
07:26 Watch Tower
08:01 Fortress
08:01 Fortress
08:02 Fortress
08:30 Watch Tower
12:22 Watch Tower
12:22 Watch Tower
12:22 Watch Tower
12:23 Watch Tower
12:55 Orc Burrow
13:01 Watch Tower
13:01 Watch Tower
13:02 Watch Tower
13:22 Watch Tower
14:22 Watch Tower
14:22 Watch Tower
16:00 Watch Tower
16:00 Watch Tower
16:06 Watch Tower
16:55 Watch Tower
17:33 Scout Tower
17:33 Scout Tower
17:34 Scout Tower
17:35 Scout Tower
17:35 Scout Tower
17:36 Scout Tower
17:36 Scout Tower
17:37 Scout Tower
17:38 Scout Tower
17:49 Watch Tower
17:49 Watch Tower
18:03 Guard Tower
18:06 Guard Tower
18:19 Watch Tower
18:20 Watch Tower
18:29 Guard Tower
18:30 Guard Tower
18:45 Guard Tower
18:46 Guard Tower
18:59 Guard Tower
19:04 Scout Tower
19:04 Scout Tower
19:06 Scout Tower
19:08 Scout Tower
19:08 Scout Tower
19:13 Scout Tower
19:13 Scout Tower
19:45 Guard Tower
19:45 Guard Tower
20:15 Watch Tower
20:15 Watch Tower
20:16 Watch Tower
20:27 Watch Tower
20:28 Watch Tower
20:57 Arcane Tower
» items
| Healing Salve | 3 | |
| Staff of Teleportation | 1 | |
| Boots of Speed | 1 | |
| Scroll of Town Portal | 1 | |
| Orb of Lightning | 2 | |
| Lesser Clarity Potion | 1 | |
| Potion of Mana | 4 | |
| Potion of Healing | 2 | |
15 total
kramvp (
red | 35 APM | 467 actions | 13:30)
2 Archmage
1 Summon Water Elemental
1 Brilliance Aura
» actions
| Basic commands | 4 | |
| Build / train | 35 | |
| Enter build submenu | 20 | |
| Enter hero's abilities submenu | 3 | |
| Right click | 154 | |
| Select / deselect | 213 | |
| Use ability | 38 | |
467 total
» units
| Peasant | 7 | |
| Footman | 1 | |
| Rifleman | 7 | |
| Gryphon Rider | 1 | |
16 total
» upgrades
| Armor | 1 | |
| Gunpowder | 1 | |
| Swords | 2 | |
| Lumber Harvesting | 2 | |
6 total
» buildings
| Altar of Kings | 1 | |
| Barracks | 1 | |
| Farm | 10 | |
| Blacksmith | 1 | |
| Arcane Vault | 1 | |
| Lumber Mill | 1 | |
| Keep | 1 | |
| Scout Tower | 2 | |
| Castle | 1 | |
| Arcane Tower | 1 | |
| Gryphon Aviary | 1 | |
| Guard Tower | 1 | |
22 total
» build order
00:12 Altar of Kings
00:15 Barracks
00:20 Farm
01:14 Farm
02:18 Blacksmith
02:25 Farm
02:33 Farm
03:56 Arcane Vault
04:23 Farm
05:11 Lumber Mill
05:18 Farm
06:44 Keep
08:14 Farm
08:17 Farm
09:02 Scout Tower
09:05 Scout Tower
09:08 Castle
09:53 Arcane Tower
10:13 Gryphon Aviary
10:18 Guard Tower
11:05 Farm
11:09 Farm
» items
| Lesser Clarity Potion | 1 | |
| Periapt of Vitality | 1 | |
| Circlet of Nobility | 1 | |
| Scroll of Town Portal | 1 | |
| Ivory Tower | 1 | |
| Potion of Healing | 1 | |
6 total
Siege_u_Later (
yellow | 46 APM | 612 actions | 13:24)
3 Archmage
1 Summon Water Elemental
1 Blizzard
1 Brilliance Aura
» actions
| Assign group hotkey | 30 | |
| Basic commands | 9 | |
| Build / train | 45 | |
| Enter build submenu | 16 | |
| Enter hero's abilities submenu | 3 | |
| Right click | 278 | |
| Select / deselect | 137 | |
| Select group hotkey | 72 | |
| Use ability | 22 | |
612 total
» units
| Peasant | 9 | |
| Footman | 10 | |
| Rifleman | 4 | |
| Priest | 4 | |
27 total
» upgrades
| Swords | 2 | |
| Plating | 2 | |
| Priest Training | 1 | |
| Lumber Harvesting | 1 | |
| Masonry | 1 | |
7 total
» buildings
| Altar of Kings | 1 | |
| Farm | 5 | |
| Barracks | 1 | |
| Scout Tower | 3 | |
| Arcane Tower | 2 | |
| Blacksmith | 1 | |
| Lumber Mill | 1 | |
| Keep | 1 | |
| Arcane Vault | 1 | |
| Arcane Sanctum | 1 | |
| Castle | 1 | |
18 total
» build order
00:27 Altar of Kings
00:38 Farm
00:54 Barracks
01:34 Scout Tower
02:06 Farm
02:11 Arcane Tower
02:39 Blacksmith
02:57 Lumber Mill
03:21 Farm
03:29 Scout Tower
04:02 Arcane Tower
04:26 Farm
05:04 Keep
05:08 Arcane Vault
06:04 Scout Tower
08:23 Arcane Sanctum
09:51 Farm
10:18 Castle
» items
| Scroll of Town Portal | 1 | |
| Potion of Healing | 1 | |
| Potion of Mana | 1 | |
3 total
team 2 (winner)
NatureBoy (
orange | 42 APM | 1970 actions | 46:42)
8 Keeper of the Grove
3 Entangling Roots
3 Thorns Aura
1 Tranquility
1 Force of Nature
» actions
| Assign group hotkey | 79 | |
| Basic commands | 151 | |
| Build / train | 75 | |
| Enter build submenu | 28 | |
| Enter hero's abilities submenu | 8 | |
| Give item / drop item | 6 | |
| Remove unit from queue | 2 | |
| Right click | 864 | |
| Select / deselect | 392 | |
| Select group hotkey | 250 | |
| Use ability | 115 | |
1970 total
» units
| Wisp | 28 | |
| Archer | 3 | |
| Huntress | 4 | |
| Chimaera | 12 | |
47 total
» upgrades
| Corrosive Breath | 1 | |
| Strength of the Wild | 3 | |
| Reinforced Hides | 3 | |
| Well Spring | 1 | |
| Ultravision | 1 | |
9 total
» buildings
| Altar of Elders | 1 | |
| Moon Well | 6 | |
| Ancient of War | 1 | |
| Hunter's Hall | 1 | |
| Tree of Ages | 1 | |
| Tree of Life | 2 | |
| Tree of Eternity | 1 | |
| Ancient of Wind | 2 | |
| Chimaera Roost | 3 | |
| Ancient Protector | 8 | |
26 total
» build order
00:16 Altar of Elders
00:20 Moon Well
00:47 Ancient of War
01:31 Moon Well
02:18 Hunter's Hall
04:01 Tree of Ages
04:21 Moon Well
05:30 Tree of Life
06:44 Tree of Eternity
08:01 Ancient of Wind
08:03 Ancient of Wind
09:23 Chimaera Roost
09:23 Chimaera Roost
09:24 Chimaera Roost
10:13 Moon Well
10:14 Moon Well
10:16 Moon Well
13:29 Ancient Protector
13:29 Ancient Protector
13:30 Ancient Protector
15:38 Ancient Protector
15:39 Ancient Protector
15:40 Ancient Protector
15:44 Ancient Protector
15:50 Ancient Protector
17:07 Tree of Life
» items
| Periapt of Vitality | 2 | |
| Staff of Teleportation | 1 | |
| Scroll of Town Portal | 1 | |
| Potion of Lesser Invulnerability | 1 | |
| Dust of Appearance | 1 | |
6 total
aIlahuakbar (
green | 68 APM | 3165 actions | 46:40)
7 Blademaster
3 Wind Walk
3 Critical Strike
1 Bladestorm
» actions
| Assign group hotkey | 130 | |
| Basic commands | 249 | |
| Build / train | 91 | |
| ESC pressed | 4 | |
| Enter build submenu | 32 | |
| Enter hero's abilities submenu | 7 | |
| Give item / drop item | 6 | |
| Right click | 1097 | |
| Select / deselect | 279 | |
| Select group hotkey | 1129 | |
| Use ability | 141 | |
3165 total
» units
| Peon | 14 | |
| Grunt | 9 | |
| Wind Rider | 6 | |
| Troll Batrider | 4 | |
33 total
» upgrades
| Melee Weapons | 1 | |
| Berserker Strength | 1 | |
| Pillage | 1 | |
| Armor | 3 | |
| Reinforced Defenses | 1 | |
| Envenomed Spears | 1 | |
| Liquid Fire | 2 | |
| Ranged Weapons | 3 | |
13 total
» buildings
| Orc Burrow | 8 | |
| Barracks | 1 | |
| Altar of Storms | 1 | |
| Voodoo Lounge | 1 | |
| Stronghold | 4 | |
| War Mill | 1 | |
| Watch Tower | 13 | |
| Great Hall | 1 | |
| Fortress | 4 | |
| Beastiary | 3 | |
37 total
» build order
00:06 Orc Burrow
00:50 Barracks
00:53 Altar of Storms
01:31 Orc Burrow
02:00 Voodoo Lounge
02:09 Orc Burrow
03:38 Stronghold
03:39 Stronghold
03:39 Stronghold
04:23 War Mill
04:53 Orc Burrow
06:18 Watch Tower
06:19 Watch Tower
06:20 Watch Tower
06:39 Watch Tower
06:43 Great Hall
07:03 Fortress
07:03 Fortress
07:03 Fortress
07:58 Watch Tower
08:15 Beastiary
08:16 Beastiary
08:58 Watch Tower
09:03 Watch Tower
11:23 Watch Tower
11:24 Watch Tower
11:25 Watch Tower
11:29 Watch Tower
13:41 Orc Burrow
13:44 Orc Burrow
14:19 Beastiary
14:41 Orc Burrow
15:24 Watch Tower
18:19 Watch Tower
25:47 Orc Burrow
» items
| Healing Salve | 3 | |
| Lesser Clarity Potion | 3 | |
| Scroll of Town Portal | 1 | |
| Orb of Lightning | 1 | |
| Orb of Corruption | 1 | |
| Tiny Great Hall | 1 | |
10 total

»
whuresofbabylon (
purple | 31 APM | 1466 actions | 46:40)
5 Far Seer
3 Feral Spirit
2 Chain Lighting
3 Tauren Chieftain
2 Endurance Aura
1 War Stomp
» actions
| Basic commands | 111 | |
| Build / train | 78 | |
| ESC pressed | 1 | |
| Enter build submenu | 16 | |
| Enter hero's abilities submenu | 10 | |
| Right click | 322 | |
| Select / deselect | 882 | |
| Use ability | 46 | |
1466 total
» units
| Peon | 13 | |
| Grunt | 29 | |
| Spirit Walker | 3 | |
| Tauren | 2 | |
47 total
» upgrades
| Melee Weapons | 2 | |
| Pillage | 1 | |
| Armor | 1 | |
| Berserker Strength | 1 | |
| Spirit Walker Training | 2 | |
7 total
» buildings
| Altar of Storms | 1 | |
| Barracks | 1 | |
| Orc Burrow | 6 | |
| Voodoo Lounge | 1 | |
| War Mill | 1 | |
| Stronghold | 4 | |
| Spirit Lodge | 1 | |
| Fortress | 5 | |
| Tauren Totem | 2 | |
22 total
» build order
00:32 Altar of Storms
00:34 Barracks
00:49 Orc Burrow
02:26 Orc Burrow
03:00 Voodoo Lounge
03:16 War Mill
04:06 Orc Burrow
06:14 Orc Burrow
06:37 Stronghold
06:38 Stronghold
06:38 Stronghold
08:11 Orc Burrow
09:13 Spirit Lodge
10:35 Fortress
10:35 Fortress
10:35 Fortress
10:35 Fortress
11:34 Orc Burrow
13:50 Tauren Totem
16:11 Tauren Totem
» items
| Healing Salve | 1 | |
| Boots of Speed | 1 | |
| Tiny Great Hall | 1 | |
3 total
LEGENDARYABS (
teal | 48 APM | 1021 actions | 21:16)
5 Death Knight
3 Death Coil
1 Death Pact
1 Unholy Aura
» actions
| Assign group hotkey | 13 | |
| Basic commands | 21 | |
| Build / train | 54 | |
| Enter build submenu | 22 | |
| Enter hero's abilities submenu | 5 | |
| Remove unit from queue | 3 | |
| Right click | 436 | |
| Select / deselect | 133 | |
| Select group hotkey | 300 | |
| Use ability | 34 | |
1021 total
» units
| Acolyte | 16 | |
| Ghoul | 4 | |
| Crypt Fiend | 8 | |
| Frost Wyrm | 4 | |
32 total
» upgrades
| Creature Attack | 2 | |
| Web | 1 | |
| Creature Carapace | 1 | |
| Freezing Breath | 1 | |
5 total
» buildings
| Crypt | 2 | |
| Graveyard | 1 | |
| Ziggurat | 11 | |
| Altar of Darkness | 1 | |
| Halls of the Dead | 1 | |
| Sacrificial Pit | 1 | |
| Black Citadel | 1 | |
| Spirit Tower | 5 | |
| Nerubian Tower | 1 | |
| Tomb of Relics | 1 | |
| Boneyard | 4 | |
29 total
» build order
00:13 Crypt
00:19 Graveyard
00:38 Ziggurat
00:56 Altar of Darkness
01:31 Crypt
02:07 Ziggurat
05:39 Ziggurat
05:42 Ziggurat
06:01 Halls of the Dead
06:17 Ziggurat
08:29 Ziggurat
08:32 Ziggurat
08:35 Sacrificial Pit
09:37 Black Citadel
10:47 Spirit Tower
10:49 Nerubian Tower
11:19 Tomb of Relics
11:22 Spirit Tower
12:04 Boneyard
12:05 Boneyard
12:07 Boneyard
13:10 Boneyard
15:57 Spirit Tower
16:11 Ziggurat
16:13 Ziggurat
16:18 Spirit Tower
16:20 Spirit Tower
18:33 Ziggurat
18:35 Ziggurat
Chat log
(09:21 / Allies) whuresofbabylon: crush
(10:18 / All) GODZILLA-GOTY: idiot teammates
(11:45 / All) aIlahuakbar: you guys can't handle one hero lol
(11:52 / All) kramvp: more like pink
(11:53 / All) IdoFLow: red was bsing me
(11:57 / All) IdoFLow: he was killing my am there
(11:59 / All) IdoFLow: if you didn't notice
(12:00 / All) aIlahuakbar: nah you were creeping together and got raped
(12:03 / All) whuresofbabylon: why bs
(12:07 / All) whuresofbabylon: tards
(12:10 / All) kramvp: lol he is killing me
(12:12 / All) kramvp: hahahaha
(12:22 / Allies) NatureBoy: god
(12:27 / All) IdoFLow: also your clearly hacking
(12:32 / Allies) NatureBoy: lost my fucking chim to creeps and lost another typing this
(12:52 / All) kramvp: lol he sucked
(12:58 / All) aIlahuakbar: so did you
(13:00 / All) aIlahuakbar: LOL
(13:11 / All) kramvp: he was ten times bader
(13:53 / Allies) aIlahuakbar: wood me
(14:08 / Allies) aIlahuakbar: ty
(18:54 / All) GODZILLA-GOTY: pruple and teal are hacker noobs!!!!!!!!
(19:00 / All) whuresofbabylon: lol
(19:10 / All) whuresofbabylon: how is that idiot
(19:17 / All) GODZILLA-GOTY: y call me insult
(19:21 / All) GODZILLA-GOTY: uncalled for
(19:27 / All) whuresofbabylon: u deserve it
(19:30 / All) NatureBoy: DEATH TO HACKERS
(19:36 / Allies) LEGENDARYABS: smelly arabs lol
(19:36 / All) aIlahuakbar: DEATH TO HACKERS!
(19:38 / All) aIlahuakbar: HACKERS DOWN
(19:41 / All) GODZILLA-GOTY: im innocent, u are tried and guilty for hacking
(19:46 / Allies) LEGENDARYABS: im watching ufc, i don't care what u do lol
(19:48 / All) whuresofbabylon: you guys should prob finish em off
(19:49 / All) aIlahuakbar: ALLAHU AKBAR!
(19:54 / Allies) LEGENDARYABS: im white and you're ugly :)
(20:00 / All) aIlahuakbar: FOR GREAT GLORY OF ALLAH DO WE CLEANSE THIS MARKET BAZAAR OF INFIDELS!
(20:11 / Allies) LEGENDARYABS: lol ok jafar
(20:12 / Allies) aIlahuakbar: I'm Arab Muslim, I'm your future
(20:17 / Allies) aIlahuakbar: all west is going to bow to islam bitch!
(20:23 / Allies) whuresofbabylon: green jew confirmed
(20:26 / Allies) LEGENDARYABS: you're a smelly guy who ripped of the jewish religion 600 years later
(20:28 / Allies) aIlahuakbar: allahu akbar!
(20:36 / Allies) LEGENDARYABS: mohammed was a pedophile rapper
(20:46 / Allies) aIlahuakbar: he was best rapper of all time
(20:51 / All) whuresofbabylon: blue you will pay for this
(20:53 / All) whuresofbabylon: lol
(21:00 / All) whuresofbabylon: i blame you for it all
(21:01 / Allies) LEGENDARYABS: na i'm fine
(21:03 / All) GODZILLA-GOTY: i literally did nothing
(21:04 / All) GODZILLA-GOTY: wrong
(21:06 / Allies) LEGENDARYABS: you're the one with the fake religion lol
(21:10 / All) GODZILLA-GOTY: just towering up
(21:10 / All) whuresofbabylon: you sicced your buddies
(21:13 / Allies) LEGENDARYABS: we laugh at u as your oil dries up :)
(21:23 / All) aIlahuakbar: lawl
(21:24 / All) whuresofbabylon: blue
(21:27 / All) whuresofbabylon: you are to blame
(21:28 / All) whuresofbabylon: by allah
(21:36 / All) whuresofbabylon: the hellfire is reserved for u
(21:41 / All) NatureBoy: CRIMSON JIHAD
(21:47 / All) GODZILLA-GOTY: hellfire?
(21:47 / All) whuresofbabylon: u
(21:52 / All) whuresofbabylon: u goaded
(21:55 / All) whuresofbabylon: team into bsing
(21:57 / All) whuresofbabylon: i blame u
(21:59 / All) whuresofbabylon: by allah
(22:13 / All) whuresofbabylon: we will pluck out your eyebrows and pubic hairs
(22:15 / All) GODZILLA-GOTY: is my punishment not being able to watch game of thrones tomorrow?
(22:23 / All) whuresofbabylon: yes
(22:24 / All) aIlahuakbar: that'd be a gift
(22:24 / All) whuresofbabylon: idiot
(22:28 / All) whuresofbabylon: got sucks
(22:33 / All) aIlahuakbar: yeah
(22:34 / All) whuresofbabylon: i didnt even know theres a new season
(22:37 / All) whuresofbabylon: already?
(22:39 / All) GODZILLA-GOTY: game of thrones > breaking bad > walking dead
(22:42 / All) whuresofbabylon: ill watch it even though it sucks
(22:44 / All) whuresofbabylon: IT SUCKS
(22:48 / All) whuresofbabylon: MORE THAN OJ
(22:55 / All) whuresofbabylon: BUT BLUE I STILL BLAME U
(23:01 / All) whuresofbabylon: TOWER DJIHAD
(23:03 / All) GODZILLA-GOTY: green and oj did it
(23:09 / All) whuresofbabylon: GREEN DOES WHAT ALLAH WILLS
(23:13 / All) whuresofbabylon: BUT U
(23:15 / All) whuresofbabylon: U HAVE A CHOICE
(23:17 / All) whuresofbabylon: MY FRIEND
(23:29 / All) whuresofbabylon: OJ WILL PAY AS WELL
(23:32 / All) whuresofbabylon: HES BEEN ADDED TO THE LIST
(23:38 / All) aIlahuakbar: ALLAHU AKBAR!
(23:41 / All) whuresofbabylon: BUE BLUE
(23:42 / All) GODZILLA-GOTY: i swear to god, all i did was tower
(23:42 / All) whuresofbabylon: I BLAME U
(23:45 / All) whuresofbabylon: U
(23:46 / All) whuresofbabylon: PROLONG
(23:49 / All) whuresofbabylon: WHEN YOU SHOULD JUST LEAVE
(23:58 / All) NatureBoy: That's NatureBoy with no character in between
(24:03 / All) whuresofbabylon: EVEN NOW OJ CANNIBALIZES HIMSELF
(24:04 / All) NatureBoy: Don't forget that when you jot it down
(24:05 / All) whuresofbabylon: LIKE A SICK ANIMAL
(24:11 / All) whuresofbabylon: HE WILL PAY
(24:12 / All) whuresofbabylon: BY ALLAH
(24:21 / All) whuresofbabylon: WE WILL TAKE THE SHEARS TO HIS TESTICLES
(24:27 / All) GODZILLA-GOTY: ill own green
(24:34 / All) NatureBoy: I HAVE GOLD PLATED AK47
(24:41 / All) aIlahuakbar: Fight me faggot
(24:44 / All) NatureBoy: MY BOMB VEST IS SATIN
(24:51 / All) whuresofbabylon: by allah
(25:01 / All) NatureBoy: I'LL PUT ONE RIGHT BETWEEN YOUR EYES FROM A HUNDRED METERS AWAY
(25:05 / All) whuresofbabylon: ak47s for everyone
(25:11 / All) whuresofbabylon: oj is a nignog
(25:15 / All) GODZILLA-GOTY: i only stayed cuz i thought teal and purple hacked so i was mad
(25:21 / All) whuresofbabylon: i dont fucking hack
(25:27 / All) whuresofbabylon: ive been playing this shit since 02
(25:30 / All) whuresofbabylon: same cd key
(25:31 / All) GODZILLA-GOTY: well u 2 hit my expo at perfect time
(25:32 / All) aIlahuakbar: you're an obvious hacker
(25:40 / All) GODZILLA-GOTY: aka?
(25:40 / All) whuresofbabylon: how was it perfect
(25:44 / All) whuresofbabylon: i lost like 12 grunts
(25:45 / All) whuresofbabylon: lol
(25:47 / All) whuresofbabylon: noob
(25:57 / All) whuresofbabylon: i just let jesus and allah take the wheel
(25:59 / All) whuresofbabylon: dont hate
(26:13 / All) whuresofbabylon: now i watch tehse sick animals eat each others privates
(26:25 / All) NatureBoy: raped
(26:49 / All) GODZILLA-GOTY: i dont want to burn in hell for all eternity
(26:54 / All) whuresofbabylon: well too late
(26:59 / All) whuresofbabylon: relax im down there too
(26:59 / All) aIlahuakbar: I'm going to get 72 virgins when I die
(27:06 / All) whuresofbabylon: we can burn togeth
(27:07 / All) aIlahuakbar: 80 foot tall virgins with white skin and big tits
(27:13 / All) GODZILLA-GOTY: i dont see why i go to hell just for a video game
(27:15 / All) whuresofbabylon: teal was gayest acatually
(27:20 / All) whuresofbabylon: he brought racew into it
(27:22 / All) aIlahuakbar: can't wait to get a permanent erection
(27:23 / All) NatureBoy: chippo > wyrm gargs
(27:27 / All) whuresofbabylon: there is only shaytan
(27:33 / All) whuresofbabylon: no race no nations
(27:38 / All) whuresofbabylon: eternal chaos
(27:44 / All) whuresofbabylon: muhahaha
(27:53 / All) whuresofbabylon: LORD OF THIS WORLD
(27:56 / All) GODZILLA-GOTY: did u know dratsab?
(27:59 / All) GODZILLA-GOTY: or ghetto
(28:07 / All) whuresofbabylon: IM TIRED
(28:40 / All) whuresofbabylon: SHAYTAN AKBAR
(28:41 / All) aIlahuakbar: +21 kotg lol
(28:56 / All) NatureBoy: +25
(29:00 / All) NatureBoy: oh
(29:02 / All) NatureBoy: he has aura
(29:08 / All) whuresofbabylon: so who else likes girls feet
(29:13 / All) whuresofbabylon: dont be shy
(29:16 / All) GODZILLA-GOTY: i like mens feet
(29:18 / All) NatureBoy: are you the guy
(29:24 / All) NatureBoy: that talked about sucking toes
(29:26 / All) NatureBoy: all the time on bnet
(29:30 / All) whuresofbabylon: na
(29:36 / All) whuresofbabylon: i have before i mean
(29:39 / All) whuresofbabylon: in wow
(29:41 / All) whuresofbabylon: not this
(30:00 / All) whuresofbabylon: i love girls feet and small tits
(30:08 / All) NatureBoy: I miss the toe sucker
(30:26 / All) whuresofbabylon: hah
(30:32 / All) GODZILLA-GOTY: we more than likely have encountered purple before
(30:33 / All) whuresofbabylon: where is your wealth now blue
(30:40 / All) whuresofbabylon: you may have
(30:44 / All) whuresofbabylon: i have gone by many names over the years
(30:48 / All) whuresofbabylon: so many i cant remember
(30:51 / All) GODZILLA-GOTY: hint??
(30:55 / All) whuresofbabylon: i dont even remmber
(31:03 / All) GODZILLA-GOTY: dorian12
(31:26 / All) whuresofbabylon: no
(32:25 / All) whuresofbabylon: well guess i better get back to studyin
(32:27 / All) GODZILLA-GOTY: i really dont even know why pink and red killed each other
(32:39 / All) whuresofbabylon: who can fathom the mind of niggas
(32:48 / All) whuresofbabylon: minds
(33:29 / All) whuresofbabylon: SPEARS OF ALLAH
(33:47 / Allies) NatureBoy: time to end it methinks
(33:49 / All) whuresofbabylon: PURIFIED SCIMITAR
(34:04 / All) GODZILLA-GOTY: did u post on any forums
(34:08 / All) whuresofbabylon: ANGEL BEHEADING HOOLY SWORD
(34:17 / All) whuresofbabylon: gamefaqs
(34:22 / All) GODZILLA-GOTY: lawl
(34:24 / All) GODZILLA-GOTY: so do we
(34:28 / All) whuresofbabylon: o
(34:31 / All) GODZILLA-GOTY: u still do?
(34:39 / All) whuresofbabylon: ye
(34:42 / All) whuresofbabylon: some boards
(34:44 / All) GODZILLA-GOTY: i go by flamechamp wouldnt know me if u havent since 2006
(35:03 / All) GODZILLA-GOTY: wc3 wow 360 rpg boards
(35:08 / All) whuresofbabylon: i post on wow
(35:17 / All) whuresofbabylon: sometimes
(35:38 / All) GODZILLA-GOTY: tell me ur acct man its not like i can do anything. there is no shame in this game
(35:57 / All) whuresofbabylon: al-uzza on faqs
(36:07 / All) whuresofbabylon: most recent name
(36:13 / All) GODZILLA-GOTY: do u remember any of the posters; i dont remember that name
(36:34 / All) whuresofbabylon: we can go all day about this son
(36:52 / All) GODZILLA-GOTY: ok friend. i dismiss u then if thats the way u want it
(37:09 / All) whuresofbabylon: im whomever wheneer
(37:19 / All) GODZILLA-GOTY: u are "no one" ayra stark
(37:24 / All) whuresofbabylon: ay
(37:27 / All) whuresofbabylon: ayras my fav
(37:32 / All) GODZILLA-GOTY: shes hot i think she is
(37:37 / All) GODZILLA-GOTY: green thinks shes ugly
(37:39 / All) whuresofbabylon: underage lol
(37:45 / All) GODZILLA-GOTY: shes actually 20
(37:47 / All) NatureBoy: she is ugly
(37:48 / All) GODZILLA-GOTY: or 19
(37:54 / All) NatureBoy: not ugly, plain as fuck
(38:01 / All) whuresofbabylon: shes pasty which is a plus
(38:02 / All) GODZILLA-GOTY: shes the new emma watson
(38:04 / All) GODZILLA-GOTY: hot as hell
(38:05 / All) whuresofbabylon: but
(38:09 / All) NatureBoy: lmao
(38:13 / All) whuresofbabylon: i like jlaw
(38:19 / All) whuresofbabylon: i bet she has nice feet
(38:33 / All) NatureBoy: arya actress ain't even close to emma watson face
(38:34 / All) GODZILLA-GOTY: jennnifer lawerence is actually , well she has a wierd ass face
(38:36 / All) GODZILLA-GOTY: ionly like faces
(38:43 / All) whuresofbabylon: face is important too
(38:46 / All) NatureBoy: yet you like arya actress
(38:58 / All) GODZILLA-GOTY: she was hot in season one
(39:04 / All) whuresofbabylon: oh
(39:07 / All) GODZILLA-GOTY: when she is all sweaty and dirty
(39:10 / All) whuresofbabylon: whats her face
(39:18 / All) whuresofbabylon: tyrell girl
(39:20 / All) whuresofbabylon: shes hot
(39:22 / All) GODZILLA-GOTY: like a donnkey face
(39:23 / All) whuresofbabylon: was in the tudors
(39:25 / All) GODZILLA-GOTY: she has pig nose
(39:48 / All) whuresofbabylon: the one joffrey was sposed to marry and died
(39:51 / All) whuresofbabylon: at the weddin
(39:53 / All) whuresofbabylon: she is fine
(41:15 / All) GODZILLA-GOTY: ill make a pos ton wow board that says garrison missions are tight
(41:21 / All) whuresofbabylon: lol
(41:27 / All) whuresofbabylon: i mostly just diss blizz
(41:30 / All) whuresofbabylon: because
(41:37 / All) whuresofbabylon: i have played every fuckin blizz game since wc2
(41:39 / All) GODZILLA-GOTY: cuz they are fat and lazy devs
(41:44 / All) whuresofbabylon: and they sabotage the franchise
(42:05 / All) whuresofbabylon: im allowed to hate them
(42:11 / All) whuresofbabylon: you always hate something you love
(42:19 / All) whuresofbabylon: simultaneously
(42:50 / All) GODZILLA-GOTY: are u one of those sickos who donates money to those nerd streamers
(42:57 / All) whuresofbabylon: no
(43:04 / All) whuresofbabylon: i dont stream or watch streams
(43:05 / All) GODZILLA-GOTY: those people are wierd
(43:09 / All) whuresofbabylon: im too fucking old for that
(43:18 / All) whuresofbabylon: i like to play the game
(44:40 / All) GODZILLA-GOTY: i believe u
(46:18 / All) GODZILLA-GOTY: all i got . gonna eat some grub
(46:20 / All) NatureBoy: alright
(46:21 / All) NatureBoy: wait
(46:35 / All) whuresofbabylon: is new got really out tomorrow
(46:38 / All) GODZILLA-GOTY: dunt care if purp wins he obviously doesnt care for win or loss